 Dungeon Crawl Stone Soup version 0.29-a0-1014-ga8c0faee3b (webtiles) character file.

Game seed: 14596920121983664104

87 Ijustatesigmund the Digger (level 4, -8/27 HPs)
             Began as an Octopode Earth Elementalist on Aug 9, 2022.
             Killed by nerve-wracking pain
             ... invoked by a shadow imp
             ... summoned by Natasha
              (9 damage)
             ... on level 2 of the Dungeon.
             The game lasted 00:03:06 (1505 turns).

Ijustatesigmund the Digger (OpEE)                   Turns: 1505, Time: 00:03:08

Health: -8/27      AC:  1    Str:  7    XL:     4   Next: 51%
Magic:  7/8        EV: 13    Int: 19    God:
Gold:   68         SH:  0    Dex: 12    Spells: 3/9 levels left

rFire   . . .      SeeInvis .   b - +0 mace
rCold   . . .      Faith    .   (no shield)
rNeg    . . .      Spirit   .   (helmet restricted)
rPois   .          Reflect  .   (no amulet)
rElec   .          Harm     .   (no ring)
rCorr   .          Rampage  .   (no ring)
Will    .....                   (no ring)
Stlth   +++.......              (no ring)
HPRegen 0.09/turn               (no ring)
MPRegen 0.11/turn               (no ring)
                                (no ring)
                                (no ring)

@: mighty
A: almost no armour, amphibious, 8 rings, camouflage 1, gelatinous body 1,
(nimble swimmer 1), tentacles
a: no special abilities


You were on level 2 of the Dungeon.
You visited 1 branch of the dungeon, and saw 2 of its levels.

You collected 68 gold pieces.

Inventory:

Hand Weapons
 b - a +0 mace (weapon)
Scrolls
 d - 3 scrolls of blinking
 h - a scroll of amnesia {unknown}
Potions
 a - a potion of magic
 c - a potion of lignification
 e - a potion of might
 f - a potion of degeneration {unknown}
 g - 2 potions of brilliance {unknown}


   Skills:
 - Level 2.0 Dodging
 - Level 2.6 Stealth
 + Level 3.3 Spellcasting
 + Level 1.7 Conjurations
 - Level 1.0 Transmutations
 - Level 3.6 Earth Magic


You had 3 spell levels left.
You knew the following spells:

 Your Spells              Type           Power      Damage    Failure   Level
a - Sandblast             Erth           34%        2d9       3%          1
b - Stone Arrow           Conj/Erth      26%        3d8       14%         3
c - Passwall              Tmut/Erth      10%        N/A       9%          2

Your spell library contained the following spells:

 Spells                   Type           Power      Damage    Failure   Level
 Petrify                  Tmut/Erth      12%        N/A       50%         4
 Hailstorm                Conj/Ice       6%         3d4       71%         4
 Ice Form                 Ice/Tmut       5%         N/A       75%         4
 Simulacrum               Ice/Necr       1%         N/A       100%        6


Dungeon Overview and Level Annotations

Branches:
Dungeon (2/15)

Altars:

Shops:
D:2 (

Annotations:
D:2 Natasha


Innate Abilities, Weirdness & Mutations

You cannot wear most types of armour.
You are amphibious.
You can wear up to eight rings at the same time.
Your skin changes colour to match your surroundings (Stealth+).
Your rubbery body absorbs attacks. (AC +1, EV +1)
((You are camouflaged when in or above water. (Stealth+)))
You have tentacles for arms and can constrict up to eight enemies at once.


Message History

Confirm with . or Enter, or press ? or * to list all spells.
Aiming: Sandblast (safe; 3% risk of failure)
Press: ? - help, Shift-Dir - straight line, f - adder
Aim: an adder (asleep, 100% to hit)
The blast of sand hits the adder.
The adder is moderately wounded.
The adder hisses angrily.
Natasha hisses angrily.
You hit the adder but do no damage. You grab the adder.
The adder is moderately wounded.
You constrict the adder. The adder completely misses you.
Natasha mumbles some strange words.
You hit the adder but do no damage. Your squeeze misses the adder.
The adder is heavily wounded.
You constrict the adder. The adder bites you.
You are poisoned.
The adder poisons you! The adder bites you.
You hit the adder. You squeeze the adder.
You kill the adder!
You feel sick. Natasha claws you.
Casting: Sandblast (safe; 3% risk of failure)
Confirm with . or Enter, or press ? or * to list all spells.
Aiming: Sandblast (safe; 3% risk of failure)
Press: ? - help, Shift-Dir - straight line, f - Natasha
Aim: Natasha (77% to hit)
The blast of sand hits Natasha!
Natasha is severely wounded.
You feel sick. Natasha claws you!
Natasha howls an incantation.
Natasha's front paws start to glow.
Natasha casts a spell at you. The magic dart hits you!
* * * LOW HITPOINT WARNING * * *
It was a potion of might.
You feel very mighty all of a sudden.
* * * LOW HITPOINT WARNING * * *
You feel sick.
You are no longer poisoned.
The shadow imp gestures at you. Pain shoots through your body!
You die...

# #......#....#
#.##.#......# #
#.##.....#
#.##.....####.#
..............#
##.###.#.#####.#
#.#.. #...........
#.....#....####...
#...5@...#
#...h....#
#$......>....
.....##.#######
..... ... ....
#... ... #... ###
#....


You could see Natasha and a shadow imp (summoned).

Vanquished Creatures
  Jessica (D:2)
  A gnoll (D:1)
  2 adders (D:2)
  2 bats (D:1)
  3 endoplasms (D:1)
  2 giant cockroaches (D:1)
  2 goblins (D:1)
  2 hobgoblins
  5 quokkas
  5 ball pythons
  A frilled lizard (D:1)
  3 kobolds
  3 rats (D:1)
32 creatures vanquished.

Notes
Turn   | Place    | Note
-------+----------+-------------------------------------------
     0 | D:1      | Ijustatesigmund the Octopode Earth Elementalist began the
                  | quest for the Orb.
     0 | D:1      | Reached XP level 1. HP: 11/11 MP: 3/3
   360 | D:1      | Reached XP level 2. HP: 15/17 MP: 3/5
   846 | D:1      | Found a faded altar of an unknown god.
   877 | D:1      | Reached XP level 3. HP: 15/21 MP: 2/7
   881 | D:1      | Learned a level 3 spell: Stone Arrow
   884 | D:1      | Learned a level 2 spell: Passwall
  1376 | D:2      | Noticed Jessica
  1378 | D:2      | Killed Jessica
  1379 | D:2      | Reached skill level 1 in Conjurations
  1379 | D:2      | Reached XP level 4. HP: 23/27 MP: 5/8
  1460 | D:2      | Found Zollo's Antique Weapon Emporium.
  1498 | D:2      | Noticed Natasha
  1505 | D:2      | HP: 1/27 [poisoned by an adder]
  1505 | D:2      | Killed from afar by a shadow imp

Illustrated notes

Levels and vault maps discovered:
D:1:      evilmike_arrival_fibonacci_small, layout_basic,
          chequers_ecumenical_altar_simple_redux
D:2:      layout_basic, serial_shops, shop, st_stairs_10, uniq_jessica,
          uniq_natasha

Skill      XL: |  1  2  3 |
---------------+----------+-----
Spellcasting   | 3 |  3.3
Conjurations   | 1 |  1.7
Dodging        | |  2.0
Stealth        | |  2.6
Transmutations | |  1.0
Earth Magic    | |  3.6

Action                   |  1- 3 |  4- 6 || total
-------------------------+-------+-------++-------
Melee: Mace              |     4 |     3 ||     7
       Constrict         |     2 |     1 ||     3
       Tentacles         |     1 |     1 ||     2
 Cast: Sandblast         |    42 |     6 ||    48
  Use: Scroll            |     3 |       ||     3
       Potion            |       |     1 ||     1
Dodge: Dodged            |    17 |     1 ||    18

Table legend: (Time is in decaauts)
 A = Elapsed time spent in this place.
 B = Non-inter-level travel time spent in this place.
 C = Inter-level travel time spent in this place.
 D = Time resting spent in this place.
 E = Time spent auto-exploring this place.
 F = Levels seen in this place.
 G = Mean time per level.
                   A        B        C        D        E       F      G
               +--------+--------+--------+--------+--------+-----+--------+
         Total |   1555 |   1546 |      9 |    465 |    788 |   2 |  777.5 |
       Dungeon |   1555 |   1546 |      9 |    465 |    788 |   2 |  777.5 |
               +--------+--------+--------+--------+--------+-----+--------+

Top non-repeatable levels by time:
     D:1: 1229 daAuts
     D:2: 326 daAuts
